 Dungeon Crawl Stone Soup version 0.27.1-37-g7b29ead8ac (webtiles) character file.

Game seed: 11475657041614779033

2233 Ceno the Jinx (level 9, 45/45 HPs)
             Began as a Vampire Enchanter on Jan 7, 2022.
             Was a Priest of Kikubaaqudgha.
             Quit the game on level 7 of the Dungeon on Feb 26, 2023.
             The game lasted 01:20:53 (11529 turns).

Ceno the Jinx (Vampire Enchanter)                  Turns: 11529, Time: 01:20:53

Health: 45/45      AC:  8    Str:  7    XL:     9   Next: 14%
Magic:  15/15      EV: 13    Int: 21    God:    Kikubaaqudgha [***...]
Gold:   269        SH:  0    Dex: 20    Spells: 0/16 levels left

rFire    . . .     SeeInvis +   L - +3 dagger
rCold    + + .     Faith    .   (no shield)
rNeg     + + +     Spirit   .   b - +0 robe
rPois    ∞         Reflect  .   o - +0 helmet
rElec    .         Harm     .   K - +1 cloak
rCorr    .         Rampage  .   z - +1 pair of gloves
Will     .....                  p - +0 pair of boots
Stlth    +++++++...             (no amulet)
HPRegen  0.15/turn              w - +6 ring of dexterity
MPRegen  0.14/turn              (no ring)

@: bloodless
A: bloodless, fangs 3, see invisible, vampiric 2
a: Bat Form, Revivify, Renounce Religion, Receive Corpses


You were on level 7 of the Dungeon.
You worshipped Kikubaaqudgha.
Kikubaaqudgha was most pleased with you.
You visited 2 branches of the dungeon, and saw 8 of its levels.

You collected 269 gold pieces.

Inventory:

Hand Weapons
 a - a +2 dagger
 B - a +0 great sword
 D - a +0 vampiric short sword
 L - a +3 dagger (weapon)
Missiles
 c - 162 stones (quivered)
 k - 8 atropa-tipped darts
 l - 87 poisoned darts
 y - 18 boomerangs
 E - a throwing net
Armour
 b - a +0 robe (worn)
 o - a +0 helmet (worn)
 p - a +0 pair of boots (worn)
 z - a +1 pair of gloves (worn)
 K - a +1 cloak (worn)
Jewellery
 w - a +6 ring of dexterity (left hand)
 x - an amulet of reflection
 G - a +4 ring of evasion
 I - a ring of willpower
Wands
 C - a wand of flame (19)
 F - a wand of paralysis (3)
Scrolls
 d - a scroll of immolation
 g - a scroll of acquirement {unknown}
 i - a scroll of enchant weapon
 j - a scroll of noise
 m - a scroll of summoning {unknown}
 s - a scroll of fog {unknown}
 u - 2 scrolls of teleportation
Potions
 e - 5 potions of curing
 f - 5 potions of heal wounds
 h - 3 potions of lignification {unknown}
 n - a potion of magic {unknown}
 q - a potion of attraction {unknown}
 r - 3 potions of haste {unknown}
 t - a potion of mutation {unknown}
 v - a potion of degeneration {unknown}
 A - a potion of berserk rage {unknown}
 H - a potion of might {unknown}
 J - 2 potions of flight {unknown}


   Skills:
 - Level 1.1 Short Blades
 - Level 2.1 Dodging
 + Level 10.6 Stealth
 - Level 4.0 Spellcasting
 * Level 12.8 Hexes
 + Level 4.1 Necromancy


You couldn't memorise any spells.
You knew the following spells:

 Your Spells              Type           Power      Damage    Failure   Level
a - Corona                Hex            61%        N/A       1%          1
b - Ensorcelled Hibernat  Hex/Ice        62%        N/A       1%          2
c - Confusing Touch       Hex            55%        N/A       1%          3
d - Tukima's Dance        Hex            55%        N/A       1%          3
e - Dazzling Flash        Conj/Hex       62%        N/A       2%          3
f - Dispel Undead         Necr           21%        3d11      22%         4

Your spell library contained the following spells:

 Spells                   Type           Power      Damage    Failure   Level
 Pain                     Necr           84%        1d8       2%          1
 Sublimation of Blood     Necr           10%        N/A       3%          2
 Vampiric Draining        Necr           10%        2d7       6%          3
 Corpse Rot               Necr/Air       N/A        N/A       8%          2
 Animate Dead             Necr           10%        N/A       22%         4
 Gell's Gravitas          Tloc           2%         N/A       34%         3
 Lesser Beckoning         Tloc           2%         N/A       34%         3
 Teleport Other           Tloc           4%         N/A       34%         3
 Borgnjor's Vile Clutch   Necr/Erth      6%         N/A       80%         5
 Death Channel            Necr           10%        N/A       97%         6
 Simulacrum               Ice/Necr       6%         N/A       100%        6


Dungeon Overview and Level Annotations

Branches:
Dungeon (7/15)             Temple (1/1) D:5

Altars:
Ashenzari
Cheibriados
Dithmenos
Fedhas
Gozag
Hepliaklqana
Kikubaaqudgha
Okawaru
Qazlal
Ru
Sif Muna
Trog
Uskayaw
Vehumet
Wu Jian
Xom
Yredelemnul
Zin
The Shining One

Annotations:
D:3 2 transporters, Unglued128's ghost, amateur MiBe
D:4 Edmund
D:6 exclusion: downstairs


Innate Abilities, Weirdness & Mutations

You do not regenerate when monsters are visible.
You are frail without blood (-20% HP).
You can heal yourself when you bite living creatures.
You are immune to poison.
You have razor-sharp teeth.
You have supernaturally acute eyesight. (SInv)
You are afflicted with vampirism and can become a bat while bloodless.


Message History

You see here a +0 pair of gloves.
There is an open door here.
You see here a +0 dagger.
Done exploring.
Done exploring.
There is a stone staircase leading down here.
You climb downwards.
Found a club and a bone wand.
Found a stone staircase leading down.
There is a stone staircase leading up here.
The orc priest shouts!
The orc wizard shouts!
The wight misses you.
The orc shouts!
You climb upwards.
There is a stone staircase leading down here.
Casting: Ensorcelled Hibernation (safe; 1% risk of failure)
Confirm with . or Enter, or press ? or * to list all spells.
Your hands begin to glow red.
The wight hits you with a +3 dagger.
You hit the wight but do no damage.
The wight appears confused.
You hit the wight but do no damage. The wight hits you with a +3 dagger.
You strike the helpless wight from behind!
You impale the wight!!
You destroy the wight!
Kikubaaqudgha accepts your kill.
Things that are here:
a +3 dagger; a +0 robe
L - a +3 dagger
L - a +3 dagger (weapon)
Magic restored.
There is an escape hatch in the floor here.
There is a stone staircase leading down here.
You start resting.
HP restored.
You climb downwards.
Found a white potion.
There is a stone staircase leading up here.
Saving game... please wait.
Welcome back, Ceno the Vampire Enchanter.
Kikubaaqudgha says: Spread unending torment and darkness!
Press ? for a list of commands and other information.
Are you sure you want to abandon this character and quit the game? (Confirm with "yes".)

....... .......
....... .......
. ....... ...
......!
.....###......#
.......@...#
.....#####.....
... ### .


There were no monsters in sight!

Vanquished Creatures
  An ice beast (D:6)
  A black bear (D:5)
  A sky beast (D:5)
  A necrophage (D:6)
  2 ogres (D:6)
  A phantom (D:4)
  3 kobold brigands
  2 scorpions
  A water moccasin skeleton (D:6)
  4 wights
  2 howler monkeys
  A bullfrog zombie (D:5)
  2 hounds
  3 orc priests (D:4)
  A centaur skeleton (D:4)
  A gnoll shaman (D:3)
  2 bullfrog skeletons
  4 iguanas
  4 orc wizards
  A killer bee zombie (D:6)
  A howler monkey zombie (D:6)
  Robin (D:2)
  21 gnolls
  5 adders
  2 shadow imps (D:5)
  2 ufetubi
  An adder skeleton (D:4)
  A worm (D:2)
  A dart slug (D:2)
  50 orcs
  8 ball pythons
  2 bats
  4 endoplasms
  2 giant cockroaches
  18 goblins
  10 hobgoblins
  17 jackals
  6 quokkas
  4 frilled lizards
  14 kobolds
  6 rats
214 creatures vanquished.

Vanquished Creatures (others)
  6 plants (D:4)
6 creatures vanquished.

Grand Total: 220 creatures vanquished

Notes
Turn   | Place    | Note
-------+----------+-------------------------------------------
     0 | D:1      | Ceno the Vampire Enchanter began the quest for the Orb.
     0 | D:1      | Reached XP level 1. HP: 13/13 MP: 3/3
   274 | D:1      | Reached skill level 5 in Hexes
   312 | D:1      | Reached XP level 2. HP: 19/19 MP: 1/5
   315 | D:1      | Learned a level 2 spell: Ensorcelled Hibernation
   909 | D:1      | Reached skill level 5 in Stealth
  1371 | D:1      | Gained mutation: You are afflicted with vampirism and can
                  | become a bat while bloodless. [Vampire growth]
  1371 | D:1      | Reached XP level 3. HP: 24/24 MP: 4/6
  1669 | D:2      | Learned a level 3 spell: Confusing Touch
  1825 | D:2      | Found a faded altar of an unknown god.
  1830 | D:2      | Reached skill level 6 in Hexes
  1998 | D:2      | Noticed Robin
  2949 | D:2      | Killed Robin
  2950 | D:2      | Reached XP level 4. HP: 24/24 MP: 4/7
  3342 | D:3      | Found a transporter.
  3345 | D:3      | Noticed Unglued128's ghost (amateur MiBe)
  3698 | D:3      | Found a transporter.
  3829 | D:3      | Reached skill level 7 in Hexes
  4173 | D:4      | Found a broken altar of Ashenzari.
  4174 | D:4      | Found an ancient bone altar of Kikubaaqudgha.
  4336 | D:4      | Noticed a kobold brigand
  4363 | D:3      | Reached XP level 5. HP: 14/28 MP: 3/8
  4718 | D:4      | Found a shadowy altar of Dithmenos.
  4720 | D:4      | Found a basalt altar of Yredelemnul.
  4734 | D:4      | Became a worshipper of Kikubaaqudgha
  4856 | D:4      | Noticed Edmund
  4895 | D:4      | Learned a level 3 spell: Tukima's Dance
  4999 | D:3      | Reached skill level 8 in Hexes
  5459 | D:3      | Reached XP level 6. HP: 25/32 MP: 5/10
  6033 | D:4      | Reached skill level 9 in Hexes
  6177 | D:4      | Reached XP level 7. HP: 36/36 MP: 6/12
  6744 | D:4      | Reached * piety under Kikubaaqudgha
  6744 | D:4      | Received a gift from Kikubaaqudgha
  7352 | D:4      | Reached skill level 10 in Hexes
  7431 | D:4      | Learned a level 3 spell: Dazzling Flash
  8022 | D:4      | Reached ** piety under Kikubaaqudgha
  8144 | D:4      | Reached XP level 8. HP: 31/41 MP: 9/14
  8502 | D:5      | Entered Level 5 of the Dungeon
  8732 | D:5      | Reached skill level 1 in Necromancy
  8971 | D:5      | Found a staircase to the Ecumenical Temple.
  8990 | D:5      | Reached skill level 11 in Hexes
  9093 | Temple   | Entered the Ecumenical Temple
  9688 | D:5      | Found a stormy altar of Qazlal.
  9849 | D:6      | Found an ornate altar of the Wu Jian Council.
 10416 | D:6      | Reached skill level 12 in Hexes
 10476 | D:6      | Reached skill level 10 in Stealth
 10942 | D:5      | Reached XP level 9. HP: 42/45 MP: 9/15
 11284 | D:6      | Reached *** piety under Kikubaaqudgha
 11284 | D:6      | Received a gift from Kikubaaqudgha
 11297 | D:6      | Learned a level 4 spell: Dispel Undead
 11529 | D:7      | Upgraded the game from 0.27.1-34-g3ba077fa99 to
                  | 0.27.1-37-g7b29ead8ac
 11529 | D:7      | Quit the game

Illustrated notes

Levels and vault maps discovered:
D:1:      matt_arrival_debris, layout_basic
D:2:      layout_basic, shapermc_ecumenical_altar_notcrosses, uniq_robin
D:3:      layout_rooms, gammafunk_ghost_arena
D:4:      lemuel_castle_with_subvaults [lemuel_castle_interior_carwin_1],
          layout_cave_pools, grunt_temple_overflow_open, grunt_ministairs_10,
          uniq_edmund, uniq_grinder
D:5:      layout_loops_ring, nicolae_qazlal_eye_of_the_storm,
          minmay_temple_entry_glass
D:6:      layout_gridville, mainiacjoe_overflow_brackets, amethyst_killhole
D:7:      layout_rooms, lemuel_crystal_altar, gammafunk_ghost_arena
Temple:   minmay_temple_bridge_abc

Skill      XL: |  1  2  3  4  5  6  7  8  9 |
---------------+----------------------------+-----
Hexes          | 5 6 7 8 9 10 12 | 12.8
Stealth        | 5 6 7 8 10 | 10.6
Spellcasting   | 3 4 |  4.0
Necromancy     | 3 4 |  4.1
Short Blades   | |  1.1
Dodging        | |  2.1

Action                   |  1- 3 |  4- 6 |  7- 9 || total
-------------------------+-------+-------+-------++-------
Melee: Dagger            |    80 |   108 |   185 ||   373
       Bite              |     2 |     4 |    24 ||    30
       Short sword       |       |       |    19 ||    19
Throw: Stone             |    30 |    17 |    96 ||   143
 Cast: Corona            |    10 |     3 |     9 ||    22
       Ensorcelled Hiber |    45 |    71 |    99 ||   215
       Confusing Touch   |       |     2 |    10 ||    12
       Dazzling Flash    |       |       |     5 ||     5
 Abil: Exsanguinate      |     1 |       |       ||     1
       End Transformatio |       |     1 |       ||     1
       Bat Form          |       |     1 |       ||     1
  Use: Scroll            |       |       |     6 ||     6
 Stab: Sleeping          |    44 |    47 |    80 ||   171
       Confused          |       |     2 |    10 ||    12
       Invisible         |       |       |     3 ||     3
Armor: Robe              |    12 |    35 |    55 ||   102
Dodge: Dodged            |    47 |   118 |   125 ||   290
